 Dungeon Crawl Stone Soup version 0.22-a0-362-g535178c (webtiles) character file.

65 zero the Sneak (level 3, -4/16 HPs)
             Began as a Spriggan Enchanter on Apr 19, 2018.
             Slain by a centaur (7 damage)
             ... on level 3 of the Dungeon.
             The game lasted 00:03:01 (2245 turns).

zero the Sneak (Spriggan Enchanter)                 Turns: 2245, Time: 00:03:02

Health: -4/16      AC:  2    Str:  4    XL:     3   Next: 92%
Magic:  2/8        EV: 18    Int: 16    God:
Gold:   97         SH:  0    Dex: 17    Spells: 1/7 levels left

rFire    . . .     SeeInvis +   a - +1 dagger
rCold    . . .     Gourm    .   (shield restricted)
rNeg     . . .     Faith    .   b - +0 robe
rPois    .         Spirit   .   (helmet restricted)
rElec    .         Reflect  .   (no cloak)
rCorr    .         Harm     .   (gloves unavailable)
MR       .....                  (boots unavailable)
Stlth    ++++......             g - amulet of the acrobat
HPRegen  0.05/turn              (no ring)
MPRegen  0.11/turn              (no ring)

@: very quick
A: very small, unfitting armour, see invisible, herbivore, speed 3, slow
metabolism 2
a: no special abilities


You were on level 3 of the Dungeon.
You were not hungry.

You visited 1 branch of the dungeon, and saw 3 of its levels.

You collected 97 gold pieces.

Inventory:

Hand Weapons
 a - a +1 dagger (weapon)
Missiles
 c - 82 stones (quivered)
 h - a throwing net
Armour
 b - a +0 robe (worn)
Jewellery
 g - an amulet of the acrobat (around neck)
 o - an uncursed amulet of guardian spirit {unknown}
Wands
 m - a wand of flame (10)
Scrolls
 i - 2 scrolls of identify
 k - a scroll of fog {unknown}
 n - a scroll of remove curse
Potions
 e - a potion of haste
 f - a potion of lignification
 j - 2 potions of brilliance {unknown}
 l - a potion of curing {unknown}
Comestibles
 d - 7 rations


   Skills:
 - Level 1.1 Short Blades
 - Level 3.0 Dodging
 + Level 7.5 Stealth
 - Level 2.6 Spellcasting
 - Level 3.6 Hexes


You had one spell level left.
You knew the following spells:

 Your Spells              Type           Power        Failure   Level  Hunger
a - Corona                Hex            ##.....      4%          1    #......
b - Ensorcelled Hibernat  Hex/Ice        #.....       14%         2    ##.....
c - Confuse               Hex            ##......     13%         3    ###....


Dungeon Overview and Level Annotations

Branches:
Dungeon (3/15)

Altars:


Innate Abilities, Weirdness & Mutations

You are very small and have problems with some larger weapons.
You are too small for most types of armour.
You have supernaturally acute eyesight. (SInv)
You are a herbivore.
You cover ground extremely quickly.
You need to consume almost no food.


Message History

Press: ? - help, Shift-Dir - straight line, f - centaur
Aim: a centaur (chance to defeat MR: 38%)
The centaur resists with some effort.
The centaur hits you but does no damage.
The goblin misses you.
Casting: Ensorcelled Hibernation (safe; 14% risk of failure)
Confirm with . or Enter, or press ? or * to list all spells.
Aiming: Ensorcelled Hibernation (safe; 14% risk of failure)
Press: ? - help, Shift-Dir - straight line, f/p - centaur
Aim: a centaur (chance to defeat MR: 38%)
The centaur resists with some effort.
The centaur hits you. The goblin hits you.
* * * LOW HITPOINT WARNING * * *
Casting: Ensorcelled Hibernation (safe; 14% risk of failure)
Confirm with . or Enter, or press ? or * to list all spells.
Aiming: Ensorcelled Hibernation (safe; 14% risk of failure)
Press: ? - help, Shift-Dir - straight line, f/p - centaur
Aim: a centaur (chance to defeat MR: 38%)
The centaur resists with some effort.
The centaur hits you!
You die...

#.# #g# .# #.# ?# #.#
### .# #.# ##.## #.##
#.# ##...###...## #.#
##.....#.....# ###.#
#........g...# ....#
#....(..@c...# #####
#.#...#.#.(.##
#########.##.##.#####
..........#####.#
#########.# #.# #.#
#.# #.. ..# #### .##


You could see a centaur and a goblin.

Vanquished Creatures
  2 dart slugs (D:2)
  2 leopard geckos
  2 ball pythons
  6 bats
  4 giant cockroaches
  8 goblins
  9 hobgoblins
  9 frilled lizards
  7 kobolds
  8 rats
57 creatures vanquished.

Notes
Turn   | Place    | Note
-------+----------+-------------------------------------------
     0 | D:1      | zero the Spriggan Enchanter began the quest for the Orb.
     0 | D:1      | Reached XP level 1. HP: 9/9 MP: 5/5
   106 | D:1      | Reached skill level 5 in Stealth
   424 | D:1      | Reached XP level 2. HP: 13/13 MP: 6/6
   428 | D:1      | Learned a level 2 spell: Ensorcelled Hibernation
   677 | D:1      | Reached skill level 6 in Stealth
  1032 | D:1      | Reached XP level 3. HP: 16/16 MP: 8/8
  1362 | D:2      | Found a faded altar of an unknown god.
  1503 | D:2      | Reached skill level 7 in Stealth
  2218 | D:3      | Learned a level 1 spell: Corona
  2222 | D:3      | Learned a level 3 spell: Confuse
  2238 | D:3      | Noticed a centaur
  2245 | D:3      | Slain by a centaur

Vault maps used:
D:1:      eino_arrival_water_cross
D:2:      first_ration, chequers_ecumenical_altar_island

Skill      XL: |  1  2  3 |
---------------+----------+-----
Stealth        | 5 6 7 |  7.5
Short Blades   | |  1.1
Dodging        | |  3.0
Spellcasting   | |  2.6
Hexes          | |  3.6

Action                   || total
-------------------------++-------
Melee: Dagger            ||   211
 Cast: Corona            ||    10
       Ensorcelled Hiber ||    11
  Use: Scroll            ||     4
 Stab: Sleeping          ||    21
       Distracted        ||     1
Armor: Robe              ||    13
Dodge: Dodged            ||   195

Table legend:
 A = Spawn XP
 B = Non-spawn XP
 C = Spawn XP percentage of total XP
 D = Spawn monster count
 E = Non-spawn monster count
 F = Spawn count percentage of total count
 G = Total turns spent on level
                    A         B        C        D         E        F      G
               +---------+---------+-------+---------+---------+-------+---------
         Total |       0 |      93 |   0.0 |       0 |      57 |   0.0 |  2245
               +---------+---------+-------+---------+---------+-------+---------
           D:1 |       0 |      39 |   0.0 |       0 |      26 |   0.0 |  1042
           D:2 |       0 |      34 |   0.0 |       0 |      19 |   0.0 |   782
           D:3 |       0 |      20 |   0.0 |       0 |      12 |   0.0 |   421
               +---------+---------+-------+---------+---------+-------+---------
